 Dungeon Crawl Stone Soup version 0.28-a0-1286-g6bde065e89 (webtiles) character file.

Game seed: 14070433060760628477

289 Snarg the Chopper (level 5, -3/45 HPs)
             Began as a Demigod Wanderer on Dec 26, 2021.
             Slain by a centaur warrior zombie (8 damage)
             ... on level 6 of the Dungeon on Dec 27, 2021.
             The game lasted 00:12:55 (3863 turns).

Snarg the Chopper (Demigod Wanderer)                Turns: 3863, Time: 00:12:56

Health: -3/45      AC:  4    Str: 16    XL:     5   Next: 82%
Magic:  9/9        EV: 12    Int: 12    God:
Gold:   158        SH:  5    Dex: 16    Spells: 6/6 levels left

rFire   . . .      SeeInvis .   a - +2 hand axe
rCold   . . .      Faith    .   (no shield)
rNeg    . . .      Spirit   .   s - +0 leather armour
rPois   .          Reflect  +   (no helmet)
rElec   .          Harm     .   (no cloak)
rCorr   .          Rampage  .   l - +0 pair of gloves
Will    .....                   (no boots)
Stlth   ++........              q - amulet of reflection
HPRegen 0.15/turn               (no ring)
MPRegen 0.11/turn               (no ring)

@: mighty
A: high mp 1, forlorn, divine attributes
a: no special abilities


You were on level 6 of the Dungeon.
You visited 1 branch of the dungeon, and saw 4 of its levels.

You collected 158 gold pieces.

Inventory:

Hand Weapons
 a - a +2 hand axe (weapon)
 b - a +0 falchion
 d - a +0 dagger
 f - a +0 short sword
 m - a +0 flail
Missiles
 c - 9 boomerangs
 h - 29 arrows
 i - 90 stones (quivered)
Armour
 e - a +0 robe
 l - a +0 pair of gloves (worn)
 n - a +0 ring mail
 s - a +0 leather armour (worn)
Jewellery
 q - an amulet of reflection (around neck)
 w - a ring of flight
Scrolls
 g - 2 scrolls of teleportation {unknown}
 k - a scroll of immolation {unknown}
 r - 3 scrolls of enchant weapon {unknown}
 t - a scroll of amnesia {unknown}
 v - a scroll of blinking {unknown}
 x - a scroll of torment {unknown}
Potions
 j - a potion of might
 o - a potion of mutation {unknown}
 p - a potion of lignification {unknown}
 u - a potion of attraction {unknown}


   Skills:
 - Level 3.0 Fighting
 - Level 1.0 Long Blades
 - Level 5.0 Axes
 - Level 2.0 Throwing
 + Level 2.2 Armour
 + Level 1.8 Dodging
 - Level 2.0 Stealth
 + Level 0.8 Shields
 + Level 1.0 Spellcasting


You had 6 spell levels left.
You didn't know any spells.
Your spell library contained the following spells:

 Spells                   Type           Power      Damage    Failure   Level
 Animate Dead             Necr           0%         N/A       98%         4
 Haunt                    Necr/Summ      0%         N/A       100%        7
 Infestation              Necr           0%         N/A       100%        8


Dungeon Overview and Level Annotations

Branches:
Dungeon (3/15)

Shops:
D:1 *   D:3 :

Annotations:
D:1 lr, exclusion: downstairs
D:2 !sigmund, Sigmund


Innate Abilities, Weirdness & Mutations

You have an increased reservoir of magic. (+10% MP)
You shall have no god before yourself.
Your divine heritage dramatically boosts your attributes as you level up.


Message History

The centaur warrior zombie barely misses you. x2
You barely miss the centaur warrior zombie.
The centaur warrior zombie is moderately damaged.
The centaur warrior zombie hits you.
You block the centaur warrior zombie's attack.
The centaur warrior zombie hits you!
* * * LOW HITPOINT WARNING * * *
The centaur warrior zombie kicks you.
* * * LOW HITPOINT WARNING * * *
The centaur warrior zombie barely misses you.
The centaur warrior zombie kicks you.
* * * LOW HITPOINT WARNING * * *
You feel very mighty all of a sudden.
The centaur warrior zombie hits you but does no damage.
The centaur warrior zombie kicks you but does no damage.
You slash the centaur warrior zombie!
The centaur warrior zombie is heavily damaged.
The centaur warrior zombie hits you.
* * * LOW HITPOINT WARNING * * *
The centaur warrior zombie kicks you but does no damage.
The centaur warrior zombie closely misses you.
The centaur warrior zombie kicks you but does no damage.
Unknown command.
You slash the centaur warrior zombie!
The centaur warrior zombie is severely damaged.
The centaur warrior zombie closely misses you.
The centaur warrior zombie kicks you.
* * * LOW HITPOINT WARNING * * *
Unknown command.
Unknown command.
You slash the centaur warrior zombie!
The centaur warrior zombie is severely damaged.
The centaur warrior zombie misses you.
The centaur warrior zombie kicks you but does no damage.
Unknown command.
Unknown command.
You barely miss the centaur warrior zombie.
The centaur warrior zombie is severely damaged.
The centaur warrior zombie hits you!
You die...

###
###################.#
#...†....@Z.......#..
#.###############.#.#
#.# #(#.# #.#
#######(#.###### #.#
#............... #.#
#...............
#.#######
#.........######
#.......# #.........#
#...n...###.........#


You could see a centaur warrior zombie.

Vanquished Creatures
  A necrophage (D:6)
  A jelly (D:6)
  Natasha (D:2)
  A killer bee zombie (D:3)
  4 gnolls
  3 adders
  A worm (D:2)
  3 dart slugs (D:3)
  2 orcs (D:3)
  5 endoplasms
  4 giant cockroaches
  A goblin (D:1)
  2 hobgoblins (D:3)
  2 jackals (D:2)
  6 kobolds
  3 quokkas
  4 ball pythons
  4 bats
  5 frilled lizards
  8 rats
61 creatures vanquished.

Vanquished Creatures (others)
  6 plants (D:1)
6 creatures vanquished.

Grand Total: 67 creatures vanquished

Notes
Turn   | Place    | Note
-------+----------+-------------------------------------------
     0 | D:1      | Snarg the Demigod Wanderer began the quest for the Orb.
     0 | D:1      | Snarg set off with the following items: a +2 hand axe, a +0
                  | falchion, 9 boomerangs, a +0 dagger, a +0 robe
     0 | D:1      | Reached XP level 1. HP: 16/16 MP: 4/4
   242 | D:1      | Reached XP level 2. HP: 23/23 MP: 5/5
   431 | D:1      | Found Limy's Assorted Antiques.
  1068 | D:2      | Reached skill level 5 in Axes
  1068 | D:2      | Reached XP level 3. HP: 10/29 MP: 6/6
  1388 | D:2      | Noticed Sigmund
  1650 | D:2      | Noticed Natasha
  1657 | D:2      | Reached skill level 1 in Stealth
  1695 | D:2      | Killed Natasha
  2024 | D:3      | Reached XP level 4. HP: 20/36 MP: 8/8
  2384 | D:3      | Reached skill level 1 in Dodging
  2937 | D:3      | Found Dikaf's Book Emporium.
  3230 | D:3      | Reached XP level 5. HP: 42/42 MP: 9/9
  3621 | D:3      | You fall into a shaft and drop 3 floors!
  3693 | D:6      | Noticed a necrophage
  3754 | D:6      | Killed a necrophage
  3830 | D:6      | Noticed a centaur warrior zombie
  3863 | D:6      | Slain by a centaur warrior zombie

Illustrated notes

Levels and vault maps discovered:
D:1:      dpeg_arrival_yet_another_circle, layout_rooms, serial_forest,
          infiniplex_forest_clump_medium, infiniplex_forest_straight_2,
          infiniplex_forest_corner_1, infiniplex_forest_end_3,
          infiniplex_forest_lined_ring, infiniplex_forest_zigzag_1,
          infiniplex_forest_lined_3, infiniplex_forest_straight_3,
          infiniplex_forest_end_3, serial_shops, shop,
          chequers_serial_rivers_room_a, dk_noncrumbling_2
D:2:      layout_rooms, uniq_jessica, uniq_natasha, uniq_sigmund
D:3:      minmay_bubble_buster, layout_loops_cross, mainiacjoe_overflow_paths,
          serial_shops, nicolae_diamond_shop,
          dreamdust_ecumenical_altar_hidden_monk_grotto,
          minmay_misc_feat_ornament, kennysheep_doodads
D:6:      layout_basic, general_overflow_altar, grunt_qazlal_sundering,
          nicolae_lava_and_water

Skill      XL: |  1  2  3  4  5 |
---------------+----------------+-----
Axes           | 5 |  5.0
Stealth        | 1 2 |  2.0
Fighting       | 2 3 |  3.0
Dodging        | 1 |  1.8
Throwing       | 2 |  2.0
Armour         | 2 |  2.2
Long Blades    | |  1.0
Shields        | |  0.8
Spellcasting   | |  1.0

Action                   |  1- 3 |  4- 6 || total
-------------------------+-------+-------++-------
Melee: Hand axe          |    91 |    99 ||   190
Throw: Stone             |    20 |    14 ||    34
       Boomerang         |     3 |       ||     3
  Use: Potion            |     1 |     1 ||     2
 Stab: Sleeping          |     4 |     4 ||     8
Armor: Robe              |    14 |       ||    14
       Ring mail         |       |    13 ||    13
       Leather armour    |       |    19 ||    19
Dodge: Dodged            |    47 |    48 ||    95
Block: Other             |       |    14 ||    14

Table legend: (Time is in decaauts)
 A = Elapsed time spent in this place.
 B = Non-inter-level travel time spent in this place.
 C = Inter-level travel time spent in this place.
 D = Time resting spent in this place.
 E = Time spent auto-exploring this place.
 F = Levels seen in this place.
 G = Mean time per level.
                   A        B        C        D        E       F      G
               +--------+--------+--------+--------+--------+-----+--------+
         Total |   3881 |   3603 |    278 |   1410 |   1442 |   4 |  970.2 |
       Dungeon |   3881 |   3603 |    278 |   1410 |   1442 |   4 |  970.2 |
               +--------+--------+--------+--------+--------+-----+--------+

Top non-repeatable levels by time:
     D:1: 1683 daAuts
     D:3: 1541 daAuts
     D:2: 413 daAuts
     D:6: 242 daAuts
